 Dungeon Crawl Stone Soup version 0.31-a0-986-g5e6e4ef867 (webtiles) character file.

Game seed: 16080694735162073621

14856 Arex the Cleaver (level 12, -2/96 HPs)
             Began as a Ghoul Chaos Knight on Nov 12, 2023.
             Was a Priest of Hepliaklqana.
             Slain by a thrashing horror (6 damage)
             ... on level 3 of the Abyss.
             The game lasted 00:24:16 (10365 turns).

Arex the Cleaver (Ghoul Chaos Knight)              Turns: 10365, Time: 00:24:17

Health: -2/96      AC: 15    Str: 21    XL:     12   Next: 20%
Magic:  11/11      EV: 15    Int: 13    God:    Hepliaklqana [***...]
Gold:   380        SH:  4    Dex:  8    Spells: 11/11 levels left

rFire   + . .        k - +7 war axe of Cowardice {freeze, rCorr}
rCold   + . .        O - +0 buckler
rNeg    + + +        m - +2 chain mail {rF+}
rPois   ∞            (no helmet)
rElec   +            p - +0 cloak
rCorr   +            s - +0 pair of gloves
SInv    .            (no boots)
Will    .....        u - amulet of faith Stlth
                     o - +5 ring of evasion
HPRegen 0.00/turn    N - ring of Keicun {rElec rPois Int+6}
MPRegen 0.12/turn

%: faith
@: inhibited regen
A: reduced essence, claws 1, cold resistance 1, negative energy resistance 3,
inhibited regeneration, torment resistance 2, devour on kill
a: Renounce Religion, Recall Ancestor, Ancestor Identity, Transference


You were on level 3 of the Abyss.
You worshipped Hepliaklqana.
Hepliaklqana was most pleased with you.
You visited 3 branches of the dungeon, and saw 12 of its levels.
You visited the Abyss 1 time.
You also visited: Ossuary.

You collected 600 gold pieces.
You spent 220 gold pieces at shops.

Inventory:

Hand Weapons
 f - a +0 whip of venom
 k - the +7 war axe of Cowardice (weapon) {freeze, rCorr}
   (You found it on level 3 of the Dungeon)

   rCorr:     It protects you from acid and corrosion.
Armour
 a - a +2 leather armour
 c - a +0 ring mail
 m - a +2 chain mail of fire resistance (worn)
 p - a +0 cloak (worn)
 r - a +4 scale mail of cold resistance
 s - a +0 pair of gloves (worn)
 O - a +0 buckler (worn)
Jewellery
 j - an amulet of regeneration
 o - a +5 ring of evasion (left hand)
 u - an amulet of faith (around neck)
 M - a ring of magical power
 N - the ring of Keicun (right hand) {rElec rPois Int+6}
   (You found it on level 1 of the Lair of Beasts)

   [ring of intelligence]

   Int+6:     It affects your intelligence (+6).
   rElec:     It insulates you from electricity.
   rPois:     It protects you from poison
Wands
 l - a wand of charming (15)
 y - a wand of digging (10)
 D - a wand of roots (6)
 E - a wand of flame (35)
 L - a wand of polymorph (4)
 P - a wand of acid (5)
Scrolls
 b - 2 scrolls of butterflies
 g - 3 scrolls of teleportation
 h - 2 scrolls of amnesia
 i - a scroll of fear
 t - 3 scrolls of revelation
 A - 3 scrolls of enchant weapon
 B - 2 scrolls of noise
 I - 2 scrolls of vulnerability
Potions
 d - a potion of curing
 n - a potion of ambrosia {unknown}
 q - a potion of cancellation {unknown}
 v - 2 potions of brilliance
 x - a potion of degeneration
 z - a potion of resistance
 H - 3 potions of attraction
 J - a potion of enlightenment
 K - a potion of might {unknown}


   Skills:
 + Level 10.3 Fighting
 + Level 10.5 Axes
 + Level 8.3 Armour
 - Level 7.3 Dodging
 * Level 4.7 Shields
 - Level 3.9 Unarmed Combat


You had 11 spell levels left.
You didn't know any spells.
Your spell library contained the following spells:

 Spells                   Type           Power      Damage    Failure   Level
 Blink                    Tloc           0%         N/A       97%         2
 Ensorcelled Hibernation  Hex/Ice        0%         N/A       97%         2
 Jinxbite                 Hex            0%         N/A       97%         2
 Tukima's Dance           Hex            0%         N/A       99%         3
 Anguish                  Hex/Necr       0%         N/A       100%        4
 Manifold Assault         Tloc           0%         N/A       100%        4
 Passage of Golubria      Tloc           0%         N/A       100%        4
 Yara's Violent Unravell  Hex/Tmut       0%         3d3       100%        5


Dungeon Overview and Level Annotations

Branches:
Dungeon (9/15)             Temple (1/1) D:4            Lair (2/5) D:8
Ossuary (visited)
  Swamp: Lair:2-3    Shoals: Lair:2-3     Snake: Lair:2-3    Spider: Lair:2-3
    Orc: D:9-12

Altars:
Ashenzari
Dithmenos
Fedhas
Gozag
Hepliaklqana
Kikubaaqudgha
Makhleb
Nemelex Xobeh
Okawaru
Qazlal
Ru
Sif Muna
Trog
Uskayaw
Vehumet
Wu Jian
Xom
Yredelemnul

Shops:
D:6 ??!

Annotations:
D:4 1 transporter, pokeman's ghost, amateur DEHW
D:5 2 runed translucent doors, pokeman's ghost, novice DEHW
Lair:1 exclusion: oklob plant
Lair:2 1 runed translucent door, Walel's ghost, journeyman TeAE


Innate Abilities, Weirdness & Mutations

Your life essence is reduced to manifest your ancestor. (-10% HP)
You are immune to poison.
You have sharp fingernails.
Your flesh is cold resistant. (rC+)
You are immune to negative energy. (rN+++)
You do not regenerate when monsters are visible.
You are immune to unholy pain and torment.
You thrive by killing the living.


Message History

You detect the abyssal rune!
A ynoxinul comes into view.
A chaos spawn comes into view.
A brown very ugly thing comes into view.
The chaos spawn shouts in stereo!
You hear a bellow!
The hellephant tramples you!!
* * * LOW HITPOINT WARNING * * *
You hold your ground!
The hellephant bites you but does no damage.
The hellephant gores you.
* * * LOW HITPOINT WARNING * * *
A thrashing horror comes into view.
The thrashing horror roars!
Blink to where?
Press: ? - help, Dir - move target
As you read the scroll of blinking, it crumbles to dust.
You feel better. The thrashing horror tramples you.
* * * LOW HITPOINT WARNING * * *
You hold your ground!
You block the thrashing horror's attack.
You feel better.
Okay, then.
As you read the scroll of fog, it dissolves into smoke.
The thrashing horror tramples you!
* * * LOW HITPOINT WARNING * * *
You hold your ground!
The thrashing horror completely misses you.
The thrashing horror misses you. The thrashing horror barely misses you.
The thrashing horror attacks as it pursues you!
You block the thrashing horror's attack. x2
The thrashing horror tramples you!
* * * LOW HITPOINT WARNING * * *
You hold your ground!
The thrashing horror tramples you but does no damage.
The thrashing horror attacks as it pursues you!
You block the thrashing horror's attack.
The thrashing horror tramples you.
* * * LOW HITPOINT WARNING * * *
You hold your ground!
The thrashing horror barely misses you. The thrashing horror tramples you.
You die...

# # .# #. ###.# # # #..
#... .# #...##§####.#..
#####X
#.@§#§.......#.... φ
#.#X§§.#....#..#...
...#§#§..##....##..
#...#u##......# ....
#....##§§.....#.. # ##
....... §§#...R....§#..
.#####.####.###.#####..#
#.. ## #.#R .. #


You could see a thrashing horror.

Vanquished Creatures
  A hydra (Lair:2)
  A two-headed ogre (D:8)
  A thrashing horror (Abyss:3)
  A skyshark (Lair:2)
  A glowing orange brain (Abyss:3)
  Pikel (D:8)
  Maurice (D:8)
  Joseph (D:7)
  4 cane toads
  Jeremiah (D:8)
  2 komodo dragons (Lair:1)
  A rime drake (Lair:2)
  Prince Ribbit (D:5)
  3 blink frogs (Lair:2)
  A slime creature (Lair:1)
  Sigmund (D:2)
  4 yaks (Lair:2)
  A fire bat (Lair:2)
  A basilisk (Lair:1)
  A ynoxinul (Abyss:3)
  2 wyverns
  Menkaure (D:5)
  Edmund (D:5)
  2 steam dragons
  4 water moccasins
  An orc warrior (D:5)
  3 black bears
  An ogre (D:6)
  A centaur (D:5)
  A sky beast (D:8)
  13 wolves (Lair:1)
  2 phantoms
  4 elf zombies (Ossuary)
  A kobold brigand (D:6)
  7 bullfrogs
  A gnoll sergeant (D:6)
  4 scorpions
  3 howler monkeys (D:8)
  4 electric eels
  6 centaur zombies (Ossuary)
  2 lava snakes (Lair:2)
  9 jellies
  2 hounds (D:7)
  2 human zombies (Ossuary)
  4 orc priests
  Ijyb (D:3)
  9 iguanas
  4 orc wizards
  3 mummies (Ossuary)
  7 gnolls
  12 adders
  2 white imps
  4 dart slugs
  4 worms
  18 orcs
  23 endoplasms
  3 giant cockroaches
  12 goblins
  5 hobgoblins
  4 jackals (D:2)
  14 kobolds
  8 quokkas
  7 ball pythons
  7 bats
  4 frilled lizards
  6 rats
267 creatures vanquished.

Vanquished Creatures (collateral kills)
  A komodo dragon (Lair:1)
  2 yaks (Lair:2)
  A lava snake (Lair:2)
  An orc priest (D:5)
  An endoplasm (Lair:1)
  A butterfly (Lair:1)
7 creatures vanquished.

Vanquished Creatures (others)
  A raiju (Abyss:3)
  2 battlemagi (Abyss:3)
  3 ancestors
6 creatures vanquished.

Grand Total: 280 creatures vanquished

Notes
Turn   | Place    | Note
-------+----------+-------------------------------------------
     0 | D:1      | Arex the Ghoul Chaos Knight began the quest for the Orb.
     0 | D:1      | Reached XP level 1. HP: 19/19 MP: 0/0
    30 | D:1      | Reached skill level 1 in Dodging
    55 | D:1      | Reached XP level 2. HP: 26/26 MP: 1/1
   283 | D:1      | XOM: silly message
   503 | D:1      | Reached XP level 3. HP: 30/31 MP: 2/2
   659 | D:1      | Found a faded altar of an unknown god.
   953 | D:2      | Noticed Sigmund
  1122 | D:2      | You fall into a shaft and drop 1 floor!
  1156 | D:3      | Reached XP level 4. HP: 39/40 MP: 3/3
  1167 | D:3      | XOM: silly message
  1218 | D:3      | Found a hide-covered altar of Uskayaw.
  1393 | D:3      | XOM: potion effect (might)
  1402 | D:3      | Identified the +7 war axe of Cowardice {freeze, rCorr}
  1422 | D:3      | Noticed Ijyb
  1436 | D:3      | XOM: potion effect (might)
  1450 | D:3      | Killed Ijyb
  1476 | D:3      | XOM: silly message
  1565 | D:3      | Reached XP level 5. HP: 46/46 MP: 4/4
  1592 | D:3      | Reached skill level 1 in Axes
  1619 | D:3      | XOM: 6-stop teleportation journey
  1924 | D:3      | XOM is BORED!
  1943 | D:4      | XOM: silly message
  2013 | D:4      | Found a transporter.
  2015 | D:4      | Noticed pokeman's ghost (amateur DEHW)
  2099 | D:4      | Reached XP level 6. HP: 53/53 MP: 5/5
  2188 | D:4      | Found the crystal ball of Wucad Mu {*channel}
  2288 | D:4      | XOM: confuse monster(s)
  2301 | D:4      | XOM: silly message
  2562 | D:4      | XOM: silly message
  2665 | D:4      | Found a staircase to the Ecumenical Temple.
  2789 | D:5      | Entered Level 5 of the Dungeon
  2821 | D:5      | Reached skill level 5 in Fighting
  2821 | D:5      | Reached XP level 7. HP: 61/61 MP: 6/6
  2884 | D:2      | XOM: noise
  2911 | D:2      | Killed Sigmund
  2993 | D:5      | XOM: cast spell 'Summon Small Mammal'
  3010 | D:5      | Reached XP level 8. HP: 61/69 MP: 7/7
  3070 | D:5      | Noticed Menkaure
  3077 | D:5      | Killed Menkaure
  3088 | D:5      | Noticed Edmund
  3092 | D:5      | XOM: confuse monster(s)
  3106 | D:5      | Killed Edmund
  3209 | D:5      | XOM: confuse monster(s)
  3232 | D:5      | Noticed Prince Ribbit
  3241 | D:5      | Killed Prince Ribbit
  3242 | D:5      | Reached skill level 5 in Axes
  3283 | D:5      | Found a runed translucent door.
  3286 | D:5      | Noticed pokeman's ghost (novice DEHW)
  3591 | D:5      | XOM: silly message
  3601 | D:5      | Found a runed translucent door.
  3662 | D:5      | Found a stormy altar of Qazlal.
  3887 | D:6      | Reached XP level 9. HP: 78/78 MP: 8/8
  3892 | D:6      | Found Zoyss's Distillery.
  3920 | D:6      | Bought a potion of degeneration for 11 gold pieces
  3920 | D:6      | Bought a potion of brilliance for 44 gold pieces
  3978 | D:6      | Reached skill level 5 in Armour
  4031 | D:6      | Found an iron altar of Okawaru.
  4124 | D:6      | XOM: scenery: summon butterflies
  4255 | D:6      | XOM: scenery: 1 doors close
  4264 | D:6      | Found Fudghi's Magic Scroll Shop.
  4267 | D:6      | Bought a scroll of identify for 20 gold pieces
  4267 | D:6      | Bought a scroll of identify for 20 gold pieces
  4269 | D:6      | Bought a scroll of identify for 20 gold pieces
  4269 | D:6      | Bought a scroll of noise for 10 gold pieces
  4407 | D:6      | XOM: 1-stop teleportation journey
  4425 | D:6      | Reached skill level 5 in Dodging
  4558 | D:6      | Found Keeh's Magic Scroll Shop.
  4567 | D:6      | Bought a scroll of enchant weapon for 75 gold pieces
  4567 | D:6      | Bought a scroll of identify for 20 gold pieces
  4656 | D:6      | Found a sparkling altar of Nemelex Xobeh.
  4830 | D:6      | XOM: summons 1 hostile demon
  4878 | D:6      | Found a burning altar of Makhleb.
  4880 | D:6      | Found a blossoming altar of Fedhas.
  4880 | D:6      | Found a shimmering altar of Xom.
  4882 | D:6      | Found a stormy altar of Qazlal.
  4882 | D:6      | Found a shimmering altar of Xom.
  4882 | D:6      | Found a shimmering altar of Xom.
  4973 | Temple   | Entered the Ecumenical Temple
  5187 | D:7      | Identified the +6 short sword "Doiq" {drain, *Noise rF+ rN+
                  | Str+3}
  5195 | D:7      | XOM: silly message
  5369 | D:7      | Noticed Joseph
  5377 | D:7      | Killed Joseph
  5808 | D:8      | Identified the "Xijetass"
  5808 | D:8      | Identified the "Luriel"
  5808 | D:8      | Identified the "Katihao"
  5845 | D:8      | Noticed a two-headed ogre
  5856 | D:8      | Killed a two-headed ogre
  5857 | D:8      | Reached XP level 10. HP: 78/88 MP: 9/9
  5881 | D:8      | Found a shimmering blue altar of Sif Muna.
  5903 | D:8      | Found a staircase to the Lair.
  6018 | D:8      | Noticed Maurice
  6030 | D:8      | Found a sand-covered staircase.
  6035 | Ossuary  | Entered an ossuary
  6144 | Ossuary  | XOM: 1-stop teleportation journey
  6203 | D:8      | Something stole an amulet of faith
  6211 | D:8      | Something stole a +0 whip of venom
  6223 | D:8      | Something stole 127 gold
  6228 | D:8      | Killed Maurice
  6483 | D:8      | Noticed Jeremiah
  6568 | D:8      | XOM: confuse monster(s)
  6569 | D:8      | XOM: scenery: summon butterflies
  6575 | D:8      | Killed Jeremiah
  6631 | D:5      | XOM is BORED!
  6714 | Temple   | Fell from the grace of Xom
  6714 | Temple   | Became a worshipper of Hepliaklqana the Forgotten
  6906 | D:8      | XOM: summons 9 hostile demons
  6907 | D:8      | Noticed a sun demon
  7075 | D:8      | Found a shadowy altar of Dithmenos.
  7075 | D:8      | Noticed Pikel
  7091 | D:8      | Killed Pikel
  7320 | D:10     | Identified the of Nonywima
  7320 | D:10     | Identified the "Nietomi"
  7320 | D:10     | Identified the of Boredumu
  7320 | D:15     | Identified the "Wyra"
  7320 | Lair:1   | Entered Level 1 of the Lair of Beasts
  7350 | Lair:1   | XOM: enchant monster (bad)
  7547 | Lair:1   | Noticed an oklob plant
  7628 | Lair:1   | Noticed a cane toad
  7639 | Lair:1   | Killed a cane toad
  7640 | Lair:1   | Reached XP level 11. HP: 95/95 MP: 10/10
  7647 | Lair:1   | Reached * piety under Hepliaklqana
  8131 | Lair:1   | Reached skill level 10 in Axes
  8141 | Lair:1   | Identified the ring of Keicun {rElec rPois Int+6}
  8729 | Lair:2   | XOM: stat loss: -3 Str (18/21)
  8754 | Lair:2   | Noticed a skyshark
  8756 | Lair:2   | Noticed a four-headed hydra
  8763 | Lair:2   | Killed a skyshark
  8764 | Lair:2   | Reached skill level 1 in Shields
  8785 | Lair:2   | Killed a five-headed hydra
  9099 | Lair:2   | Found a runed translucent door.
  9124 | Lair:2   | Noticed Walel's ghost (journeyman TeAE)
  9148 | Lair:2   | Noticed a five-headed hydra
  9376 | Lair:2   | XOM: polymorph electric eel -> fire bat
  9510 | Lair:2   | Reached skill level 10 in Fighting
  9838 | Lair:2   | Reached ** piety under Hepliaklqana
  9841 | Lair:2   | Remembered your ancestor Kaya as a battlemage
  9910 | Lair:2   | Reached XP level 12. HP: 95/95 MP: 11/11
 10135 | Abyss:3  | Found a corrupted altar of Lugonu.
 10135 | Abyss:3  | Cast into level 3 of the Abyss (Xom)
 10187 | Abyss:3  | Noticed a thrashing horror
 10188 | Abyss:3  | Noticed a thrashing horror
 10188 | Abyss:3  | Noticed a thrashing horror
 10199 | Abyss:3  | Noticed a cyan very ugly thing
 10208 | Abyss:3  | Killed a thrashing horror
 10220 | Abyss:3  | Noticed a tentacled starspawn
 10232 | Abyss:3  | Noticed a revenant
 10267 | Abyss:3  | Noticed a rakshasa
 10277 | Abyss:3  | Noticed a spectral spriggan defender
 10278 | Abyss:3  | HP: 4/96 [large abomination (25)]
 10285 | Abyss:3  | Noticed a starcursed mass
 10292 | Abyss:3  | Found a corrupted altar of Lugonu.
 10340 | Abyss:3  | Noticed a hellephant
 10344 | Abyss:3  | Reached *** piety under Hepliaklqana
 10350 | Abyss:3  | Noticed a brown very ugly thing
 10353 | Abyss:3  | Noticed a thrashing horror
 10365 | Abyss:3  | HP: 4/96 [thrashing horror (4)]
 10365 | Abyss:3  | Slain by a thrashing horror

Illustrated notes

Levels and vault maps discovered:
D:1:      moated_graveyard_arrival, layout_loops_ring,
          hellmonk_ecumenical_altar_prayer_group
D:2:      layout_loops_ring, minmay_pentomino_r2, uniq_sigmund
D:3:      cheibrodos_helix_gallery, layout_basic, mainiacjoe_overflow_catwalk,
          uniq_ijyb
D:4:      layout_loops_ring, lemuel_temple_firewalk_b,
          gammafunk_ghost_mausoleum, kennysheep_generic_room_3
D:5:      layout_gridville, mainiacjoe_overflow_six_doors_small,
          ebering_ghost_sewer_f, saegor_snake_ambush, uniq_edmund,
          uniq_menkaure, uniq_prince_ribbit1
D:6:      layout_loops_corners, nemelex_spade_bored_becter, doesnt_xom_only_xom,
          amcnicky_altar_gilded, serial_glass, glass_columns_b, glass_columns_b,
          serial_shops, nicolae_shop_real_fake_doors, shop, shop,
          nicolae_tricolors
D:7:      layout_loops_cross, uniq_joseph
D:8:      layout_loops_ring, lemuel_round_altar,
          nicolae_sif_muna_little_library, lair_entry_dummy,
          nicolae_ossuary_entry_plus, serial_bayou_ford_a, uniq_pikel,
          uniq_jeremiah, uniq_maurice
D:9:      layout_small_grid, gammafunk_ghost_wrathful_warriors
Temple:   nicolae_temple_god_jail
Lair:1:   lemuel_slime, layout_loops_ring, lemuel_fruit_fields
Lair:2:   layout_regular_city, ebering_ghost_reflecting_pool, st_stairs_4,
          nicolae_lair_liquid_snakes
Abyss:3:  base: Lair:1, spicy_abyss_rude_harpoons, bh_abyss_exit_grid,
          bh_abyss_negative, hangedman_glass_garden,
          evilmike_abyss_rune_siren_acolytes

Skill      XL: |  1  2  3  4  5  6  7  8  9 10 11 12 |
---------------+-------------------------------------+-----
Dodging        | 1 2 3 4 5 6 7 |  7.3
Armour         | 2 3 4 6 7 8 |  8.3
Fighting       | 4 5 6 7 8 10 | 10.3
Axes           | 2 3 4 5 7 9 10 | 10.5
Shields        | 3 4 |  4.7
Unarmed Combat | |  3.9

Action                     |  1- 3 |  4- 6 |  7- 9 | 10-12 || total
---------------------------+-------+-------+-------+-------++-------
  Melee: Unarmed           |    55 |    26 |       |       ||    81
         Whip              |    87 |    10 |       |     4 ||   101
         Punch             |     5 |     1 |     3 |     8 ||    17
         War axe           |       |   102 |   200 |   306 ||   608
 Invoke: Recall Ancestor   |       |       |       |     3 ||     3
         Ancestor Life: Ba |       |       |       |     1 ||     1
         Ancestor Identity |       |       |       |     1 ||     1
  Evoke: Wand              |       |       |    15 |    10 ||    25
    Use: Scroll            |     2 |     3 |     3 |    12 ||    20
         Potion            |       |     1 |     1 |    10 ||    12
   Stab: Invisible         |       |       |     2 |       ||     2
         Confused          |       |       |       |     1 ||     1
         Distracted        |       |       |       |     1 ||     1
 Armour: Leather armour    |    56 |       |       |       ||    56
         Ring mail         |    45 |    31 |       |       ||    76
         Chain mail        |       |    89 |   149 |   295 ||   533
  Dodge: Dodged            |    80 |    55 |   123 |   269 ||   527
  Block: Buckler           |       |       |       |    25 ||    25

Table legend: (Time is in decaauts)
 A = Elapsed time spent in this place.
 B = Non-inter-level travel time spent in this place.
 C = Inter-level travel time spent in this place.
 D = Time resting spent in this place.
 E = Time spent auto-exploring this place.
 F = Levels seen in this place.
 G = Mean time per level.
                   A        B        C        D        E       F      G
               +--------+--------+--------+--------+--------+-----+--------+
         Total |  10450 |   9124 |   1326 |    749 |   6214 |  14 |  746.4 |
       Dungeon |   7348 |   6276 |   1072 |    333 |   4448 |   9 |  816.4 |
        Temple |    110 |      3 |    107 |      0 |      0 |   1 |  110.0 |
          Lair |   2631 |   2485 |    146 |    416 |   1641 |   2 | 1315.5 |
         Abyss |    196 |    196 |      0 |      0 |     37 |   1 |  196.0 |
       Ossuary |    162 |    162 |      0 |      0 |     88 |   1 |  162.0 |
               +--------+--------+--------+--------+--------+-----+--------+

Top non-repeatable levels by time:
  Lair:2: 1336 daAuts
  Lair:1: 1294 daAuts
     D:6: 1232 daAuts
     D:4: 1137 daAuts
     D:5: 1092 daAuts
     D:8: 990 daAuts
     D:3: 876 daAuts
     D:7: 841 daAuts
     D:1: 795 daAuts
     D:2: 381 daAuts
 Abyss:3: 196 daAuts
 Ossuary: 162 daAuts
  Temple: 110 daAuts
     D:9: 1 daAuts
